 Dungeon Crawl Stone Soup version 0.13-a0-2640-geebf78d (webtiles) character file.

6287 Duskembrace the Covert (level 10, -21/63 HPs)
             Began as a Vampire Enchanter on Aug 6, 2013.
             Was a Believer of Ashenzari.
             Demolished by a two-headed ogre
             ... wielding a +0,+0 giant club
              (22 damage)
             ... on Level 9 of the Dungeon.
             The game lasted 00:58:36 (10881 turns).

Duskembrace the Covert (Vampire Enchanter)         Turns: 10881, Time: 00:58:36

HP -21/63        AC  5     Str 12      XL: 10   Next: 52%
MP  10/24        EV 15     Int 20      God: Ashenzari [**....]
Gold 409         SH  0     Dex 14      Spells:  4 memorised, 11 levels left

Res.Fire  : . . .   See Invis. : +   B - +1,+3 dagger (curse)
Res.Cold  : + . .   Warding    : .   b - +1 robe
Life Prot.: + + +   Conserve   : .   (no shield)
Res.Poison: +       Res.Corr.  : .   (no helmet)
Res.Elec. : .       Clarity    : +   L - +0 cloak (curse)
Sust.Abil.: . .     Spirit.Shd : .   Q - +0 pair of gloves (curse)
Res.Mut.  : .       Stasis     : .   (no boots)
Res.Rott. : +       Flight     : .   u - cursed amulet of clarity
Saprovore : . . .                    E - cursed ring of positive energy
                                     m - cursed +5 ring of strength

@: regenerating slowly, invisible (but backlit and visible), slightly
contaminated, glowing, somewhat resistant to hostile enchantments, quite
stealthy
A: bottle blood, fangs 3, see invisible, unbreathing
a: Bat Form, Bottle Blood, Renounce Religion


You were on level 9 of the Dungeon.
You worshipped Ashenzari.
Ashenzari was most pleased with you.
You were very thirsty.

You visited 1 branch of the dungeon, and saw 9 of its levels.

You collected 389 gold pieces.

Inventory:

Hand weapons
 a - a +1,+1 dagger {=f}
 j - a +2,+1 short sword of protection
 A - a +2 elven blowgun
 B - a cursed +1,+3 dagger (weapon)
 G - a +2,+3 dwarven dagger of speed
Missiles
 d - 62 darts (quivered)
 e - 12 poisoned needles
 z - 14 curare-tipped needles
 I - 6 needles of slowing
Armour
 b - a +1 robe (worn)
 g - a +0 cloak
 L - a cursed +0 cloak (worn)
 Q - a cursed +0 pair of gloves (worn)
Magical devices
 y - a wand of slowing (3) {unknown}
 F - a wand of disintegration (20)
 K - a wand of polymorph (14)
Scrolls
 f - 4 scrolls of teleportation
 i - 3 scrolls of enchant weapon I {unknown}
 n - 3 scrolls of remove curse
 q - 2 scrolls of noise {unknown}
 x - a scroll of fog {unknown}
 D - 3 scrolls of curse weapon
 H - 3 scrolls of random uselessness {unknown}
 M - 2 scrolls of immolation {unknown}
 O - a scroll of recharging {unknown}
 R - a scroll of acquirement {unknown}
 U - a scroll of torment {unknown}
 V - a scroll of magic mapping {unknown}
Jewellery
 m - a cursed +5 ring of strength (left hand)
 s - an uncursed amulet of inaccuracy
 u - a cursed amulet of clarity (around neck)
 E - a cursed ring of positive energy (right hand)
 P - an uncursed ring of sustain abilities
 S - an uncursed amulet of stasis
 T - an uncursed ring of fire
Potions
 h - 2 potions of agility
 k - 2 potions of brilliance
 l - a potion of invisibility
 o - a potion of restore abilities
 p - a potion of resistance
 r - 2 potions of speed
 t - 4 potions of curing
 v - 3 potions of heal wounds
 w - a potion of confusion {unknown}
 C - a potion of poison {unknown}
 J - a potion of flight {unknown}
 N - a potion of might {unknown}
Books
 c - a book of Maledictions

   Spells                             Type                      Level
   *Corona                            Hexes                        1
   Sure Blade                         Hexes/Charms                 2
   *Ensorcelled Hibernation           Hexes/Ice                    2
   *Confuse                           Hexes                        3
   Enslavement                        Hexes                        4
   *Invisibility                      Hexes                        6


   Skills:
 + Level 4.0(6.1) Short Blades
 - Level 0.7 Throwing
 + Level 6.3 Dodging
 + Level 13.5 Stealth
 + Level 7.1 Spellcasting
 + Level 10.7(12.7) Hexes
 + Level 4.4(6.6) Ice Magic
 + Level 0.4(1.3) Evocations


You had 11 spell levels left.
You knew the following spells:

 Your Spells              Type           Power        Failure   Level  Hunger
a - Corona                Hex            ######.      1%          1    None
b - Ensorcelled Hibernat  Hex/Ice        #####.       1%          2    None
c - Confuse               Hex            ######..     1%          3    #......
d - Invisibility          Hex            ######..     10%         6    ######.


Dungeon Overview and Level Annotations

Branches:
Dungeon (9/27)             Temple (0/1) D:5             Orc (0/4) D:7
   Lair: D:8-13

Altars:
Ashenzari
Makhleb
Sif Muna
Trog
Xom

Shops:
D:6: (? D:9: =


Innate Abilities, Weirdness & Mutations

You heal slowly.
You can bottle blood from corpses.
You have razor-sharp teeth.*
You have supernaturally acute eyesight.
You can survive without breathing.*


Message History

The two-headed ogre shouts in stereo!
The two-headed ogre hits you with a giant club!
You hit the two-headed ogre but do no damage.
Your bite misses the two-headed ogre. The two-headed ogre barely misses you.
The two-headed ogre hits you with a giant club!
Casting: Confuse
Confirm with . or Enter, or press ? or * to list all spells.
Aiming: Ensorcelled Hibernation
Press: ? - help, Shift-Dir - straight line, f/p - steam dragon
Aim: a steam dragon (almost dead, retreating)
The steam dragon resists.
Casting: Ensorcelled Hibernation
Confirm with . or Enter, or press ? or * to list all spells.
Aiming: Invisibility
Press: ? - help, Shift-Dir - straight line, f - you, p - steam dragon You become more transparent, but the glow from your magical contamination prevents you from becoming completely invisible.
The two-headed ogre hits you with a giant club!
* * * LOW HITPOINT WARNING * * *
The two-headed ogre hits you with a giant club!
You die...

* * #### ##### ...... ,,
,... , .... ,, ..#* * * *
#.#########.#
#########...........####
........................
........................
.......O....)........%###
........@..........$..%..
*....D...)................
,#############...........
, * #.########## , #># # *
,_,##.########## ,* ,
#..h......... * , ,
,*#'##h...........
................


You could see a two-headed ogre and a steam dragon (fleeing).

Vanquished Creatures
  Joseph (D:9)
  2 hill giant zombies
  3 yaks (D:9)
  Grum (D:9)
  A hungry ghost (D:6)
  4 wolves
  A sky beast (D:3)
  A manticore (D:8)
  3 black bears
  3 phantoms
  An ice beast (D:8)
  2 centaurs
  4 ogres
  A crocodile (D:9)
  An orc warrior (D:9)
  7 giant frogs
  2 big kobolds
  5 wights (D:7)
  4 crimson imps
  4 hounds
  A goliath beetle (D:6)
  A gnoll shaman (D:6)
  6 orc priests
  Crazy Yiuf (D:6)
  9 orc wizards
  4 scorpions
  11 worker ants
  2 iguanas
  An ogre skeleton (D:9)
  A jelly (D:7)
  10 adders
  3 gnolls (D:6)
  A green rat (D:7)
  A giant mite (D:8)
  5 worms
  An adder zombie (D:7)
  2 giant eyeballs
  4 giant geckos
  2 oozes
  39 orcs
  A ball python (D:6)
  A bat zombie (D:6)
  6 giant cockroaches
  15 goblins
  12 hobgoblins
  4 jackals
  6 quokkas
  19 bats
  4 giant newts
  A giant spore (D:6)
  2 hobgoblin skeletons
  A hobgoblin zombie (D:7)
  29 kobolds
  A kobold skeleton (D:6)
  12 rats
  A rat skeleton (D:7)
  7 ballistomycetes
  A plant (D:2)
279 creatures vanquished.

Vanquished Creatures (others)
  A crimson imp (D:8)
  3 giant spores (D:8)
  A kobold (D:9)
5 creatures vanquished.

Grand Total: 284 creatures vanquished

Notes
Turn   | Place    | Note
--------------------------------------------------------------
     0 | D:1      | Duskembrace, the Vampire Enchanter, began the quest for the Orb.
     0 | D:1      | Reached XP level 1. HP: 13/13 MP: 4/4
   487 | D:1      | Reached XP level 2. HP: 19/19 MP: 3/5
   498 | D:1      | Learned a level 2 spell: Ensorcelled Hibernation
  1053 | D:2      | Reached skill level 5 in Hexes
  1053 | D:2      | Reached XP level 3. HP: 24/24 MP: 3/6
  2206 | D:2      | Reached XP level 4. HP: 30/30 MP: 5/8
  2440 | D:2      | Learned a level 3 spell: Confuse
  2491 | D:3      | Noticed a sky beast
  2523 | D:3      | Killed a sky beast
  2523 | D:3      | Reached skill level 5 in Stealth
  2523 | D:3      | Reached skill level 1 in Ice Magic
  2523 | D:3      | Reached XP level 5. HP: 15/35 MP: 5/10
  3765 | D:3      | Found a shattered altar of Ashenzari.
  3766 | D:3      | Found a shimmering altar of Xom.
  3770 | D:3      | Became a worshipper of Ashenzari the Shackled
  4227 | D:3      | Reached skill level 6 in Stealth
  4227 | D:3      | Reached XP level 6. HP: 17/41 MP: 1/12
  4742 | D:4      | Reached skill level 7 in Stealth
  4787 | D:4      | Reached XP level 7. HP: 46/46 MP: 14/14
  4978 | D:4      | Reached skill level 8 in Stealth
  5323 | D:4      | Found a deep blue altar of Sif Muna.
  5390 | D:5      | Entered Level 5 of the Dungeon
  5465 | D:5      | Found a staircase to the Ecumenical Temple.
  5580 | D:5      | Paralysed by a giant eyeball for 2 turns
  5898 | D:5      | Reached skill level 9 in Stealth
  5940 | D:5      | Found a burning altar of Makhleb.
  6314 | D:6      | Noticed Crazy Yiuf
  6322 | D:6      | Killed Crazy Yiuf
  6322 | D:6      | Reached XP level 8. HP: 52/52 MP: 18/18
  6379 | D:6      | Paralysed by a giant eyeball for 3 turns
  6616 | D:6      | Found a bloodstained altar of Trog.
  6934 | D:6      | Found Tisouc's Magic Scroll Shop.
  6969 | D:6      | Found Theodir's Weapon Shoppe.
  6984 | D:6      | Reached skill level 10 in Stealth
  7030 | D:6      | Reached skill level 5 in Dodging
  7712 | D:7      | Reached XP level 9. HP: 42/57 MP: 3/21
  7852 | D:7      | Acquired Ashenzari's first power
  7985 | D:7      | Reached skill level 5 in Spellcasting
  8000 | D:7      | Learned a level 6 spell: Invisibility
  8056 | D:7      | Reached skill level 11 in Stealth
  8192 | D:7      | Found a staircase to the Orcish Mines.
  9330 | D:8      | Reached skill level 12 in Stealth
  9992 | D:9      | Noticed Joseph
  9997 | D:9      | Killed Joseph
  9997 | D:9      | Reached XP level 10. HP: 55/63 MP: 22/24
 10161 | D:9      | Reached skill level 10 in Hexes
 10462 | D:9      | Reached skill level 13 in Stealth
 10469 | D:9      | Noticed Grum
 10732 | D:9      | Found Klecw's Jewellery Boutique.
 10840 | D:9      | Killed Grum
 10881 | D:9      | HP: 1/63 [two-headed ogre/giant club (21)]
 10881 | D:9      | Demolished by a two-headed ogre

Action                   |  1- 3 |  4- 6 |  7- 9 | 10-12 || total
-------------------------+-------+-------+-------+-------++-------
Melee: Dagger            |   312 |   126 |   387 |    90 ||   915
Throw: Dart              |     4 |       |     1 |       ||     5
 Cast: Corona            |     4 |       |       |       ||     4
       Ensorcelled Hiber |    30 |    41 |   106 |    14 ||   191
       Confuse           |       |     7 |    48 |    15 ||    70
       Invisibility      |       |       |     1 |     5 ||     6
 Abil: End Transformatio |       |       |     1 |     1 ||     2
       Bat Form          |       |       |     1 |     1 ||     2
Evoke: Wand              |       |       |     6 |       ||     6
  Use: Potion            |       |     1 |     1 |       ||     2
       Scroll            |       |     1 |    14 |     1 ||    16
 Stab: Sleeping          |    24 |    37 |    91 |    22 ||   174
       Confused          |       |     3 |    21 |     8 ||    32
       Invisible         |       |     3 |     1 |     9 ||    13
